 Dungeon Crawl Stone Soup version 0.20.1-1-g8b1a95d (webtiles) character file.

983 Irenicus the Nimble (level 8, -2/56 HPs)
             Began as a Merfolk Gladiator on Oct 28, 2017.
             Was an Initiate of Ru.
             Slain by an ice beast (9 damage)
             ... on level 5 of the Dungeon.
             The game lasted 00:11:51 (3679 turns).

Irenicus the Nimble (Merfolk Gladiator)             Turns: 3679, Time: 00:11:52

Health: -2/56      AC:  7    Str: 19    XL:     8   Next: 17%
Magic:  8/8        EV: 19    Int:  8    God:    Ru [......]
Gold:   291        SH:  0    Dex: 17    Spells: 7/7 levels left

rFire    . . .     SeeInvis .   a - +0 long sword
rCold    . . .     Gourm    .   (no shield)
rNeg     . . .     Faith    .   b - +0 leather armour
rPois    .         Spirit   .   k - +2 helmet
rElec    .         Reflect  .   (no cloak)
rCorr    .         Harm     .   r - +0 pair of gloves
MR       +....                  (no boots)
Stlth    ++........             (no amulet)
Regen    0.2/turn               g - ring of protection from magic
MPRegen  0.2/turn               o - +5 ring of strength

@: drained
A: change form in water, swift swim, stealthy swim
a: Renounce Religion


You were on level 5 of the Dungeon.
You worshipped Ru.
Ru was noncommittal.
You were hungry.

You visited 2 branches of the dungeon, and saw 7 of its levels.

You collected 291 gold pieces.

Inventory:

Hand Weapons
 a - a +0 long sword (weapon)
Missiles
 d - 3 throwing nets (quivered)
Armour
 b - a +0 leather armour (worn)
 k - a +2 helmet (worn)
 r - a +0 pair of gloves (worn)
Jewellery
 g - a ring of protection from magic (left hand)
 o - a +5 ring of strength (right hand)
Wands
 q - a wand of random effects (2/48)
Scrolls
 c - 3 scrolls of identify {unknown}
 e - a scroll of fear {unknown}
 i - 3 scrolls of random uselessness {unknown}
 m - a scroll of remove curse {unknown}
 t - a scroll of magic mapping {unknown}
 u - 2 scrolls of teleportation {unknown}
 w - a scroll of enchant armour {unknown}
 x - a scroll of amnesia {unknown}
 y - a scroll of immolation {unknown}
Potions
 j - a potion of haste {unknown}
 n - a potion of agility
 p - a potion of magic
 s - a potion of mutation {unknown}
 v - 3 potions of curing {unknown}
 B - 3 potions of heal wounds {unknown}
Comestibles
 f - 4 bread rations
 l - 2 royal jellies
 z - 2 meat rations
 A - 3 fruits


   Skills:
 - Level 2.1 Fighting
 - Level 7.0(6.9) Long Blades
 - Level 2.0(1.9) Throwing
 + Level 9.9(9.8) Dodging
 - Level 2.0(1.9) Stealth


You had 7 spell levels left.
You didn't know any spells.

Dungeon Overview and Level Annotations

Branches:
Dungeon (6/15)             Temple (1/1) D:5

Altars:
Ashenzari
Cheibriados
Fedhas
Gozag
Makhleb
Nemelex Xobeh
Okawaru
Qazlal
Ru
Sif Muna
Uskayaw
Xom
Yredelemnul
Zin
The Shining One

Shops:
D:5 *   D:6 =


Message History

You barely miss the ice beast.
The ice beast is moderately wounded.
The ice beast closely misses you.
You riposte.
You hit the ice beast.
The ice beast is moderately wounded.
You hit the ice beast.
The ice beast is heavily wounded.
The ice beast hits you. The ice beast freezes you!
* * * LOW HITPOINT WARNING * * *
You hit the ice beast.
The ice beast is heavily wounded.
The ice beast barely misses you.
You hit the ice beast.
The ice beast is severely wounded.
The ice beast hits you but does no damage.
You closely miss the ice beast.
The ice beast is severely wounded.
The ice beast hits you.
* * * LOW HITPOINT WARNING * * *
The ice beast freezes you!
You die...

#..####.#####.#
#.##......#.##.##
#.............#
#.##.#......##.##
#.####.########
#..............#. #.# #...#
####.###########. #.# #...#
#.# #. #.# #...# ######.## #.
..# #...# #...#.#.######## #.
#####...#######.#..###.#.....#
#.
...†............@Y..#.##.....#
#.
........(....................#
##
.....###......##.....###.....#
# ###.## ##.###.##.....#
#.....# # #.## ##.##.##.....#
####### # #.# #.##.##.....# #
#.## ##.##.##.....# # ##.##
##.###.......####### #
###..###.## ###...........####
#


You could see an ice beast.

Vanquished Creatures
  A centaur (D:5)
  A bullfrog (D:5)
  A scorpion (D:5)
  2 crimson imps (D:5)
  A centaur zombie (D:5)
  2 hounds
  An orc priest (D:3)
  4 orc wizards
  A bullfrog skeleton (D:5)
  5 worker ants
  A hound skeleton (D:6)
  9 gnolls
  An adder (D:3)
  A river rat (D:3)
  An ooze (D:2)
  An adder skeleton (D:4)
  4 worms
  3 dart slugs
  A leopard gecko (D:1)
  20 orcs
  7 giant cockroaches
  6 goblins
  5 hobgoblins
  12 jackals
  A quokka (D:3)
  4 ball pythons
  9 bats
  6 frilled lizards
  9 kobolds
  A quokka zombie (D:5)
  7 rats
128 creatures vanquished.

Vanquished Creatures (others)
  An orc warrior (D:6)
1 creature vanquished.

Grand Total: 129 creatures vanquished

Notes
Turn   | Place    | Note
-------+----------+-------------------------------------------
     0 | D:1      | Irenicus the Merfolk Gladiator began the quest for the Orb.
     0 | D:1      | Reached XP level 1. HP: 16/16 MP: 1/1
    49 | D:1      | Reached XP level 2. HP: 20/22 MP: 2/2
   346 | D:1      | Reached XP level 3. HP: 23/27 MP: 3/3
   677 | D:2      | Reached skill level 5 in Long Blades
   773 | D:2      | Reached XP level 4. HP: 21/33 MP: 4/4
  1208 | D:3      | Found a hide-covered altar of Uskayaw.
  1587 | D:3      | Reached XP level 5. HP: 8/38 MP: 5/5
  1964 | D:3      | Reached XP level 6. HP: 43/44 MP: 6/6
  2166 | D:4      | Reached skill level 5 in Dodging
  2268 | D:4      | Found a shimmering altar of Xom.
  2269 | D:4      | Found a shimmering altar of Xom.
  2269 | D:4      | Found a shimmering altar of Xom.
  2277 | D:4      | Found a shimmering altar of Xom.
  2327 | D:4      | Found a shimmering altar of Xom.
  2336 | D:4      | You fall through a shaft!
  2336 | D:5      | Entered Level 5 of the Dungeon
  2406 | D:5      | Found Rangan's General Store.
  2477 | D:5      | Reached skill level 6 in Dodging
  2487 | D:5      | Found a staircase to the Ecumenical Temple.
  2503 | Temple   | Entered the Ecumenical Temple
  2523 | Temple   | Became a worshipper of Ru the Awakened
  2727 | D:5      | Reached XP level 7. HP: 38/50 MP: 7/7
  2732 | D:5      | Reached skill level 7 in Dodging
  2770 | D:5      | Reached skill level 1 in Stealth
  3160 | D:5      | Reached skill level 8 in Dodging
  3582 | D:6      | Reached skill level 9 in Dodging
  3587 | D:6      | Reached XP level 8. HP: 16/56 MP: 8/8
  3600 | D:6      | Found Cekkox's Jewellery Shoppe.
  3679 | D:5      | Slain by an ice beast

Skill      XL: |  1  2  3  4  5  6  7 |
---------------+----------------------+-----
Long Blades    | 4 5 6 7 |  7.0
Dodging        | 6 9 |  9.9
Stealth        | 2 |  2.0
Fighting       | |  2.1
Throwing       | |  2.0

Action                   |  1- 3 |  4- 6 |  7- 9 || total
-------------------------+-------+-------+-------++-------
Melee: Long sword        |   111 |   213 |   113 ||   437
Evoke: Wand              |       |     2 |     5 ||     7
  Use: Potion            |       |     1 |     2 ||     3
 Stab: Sleeping          |       |     1 |       ||     1
  Eat: Chunk             |       |     6 |     3 ||     9
Armor: Leather armour    |    29 |    72 |    27 ||   128
Dodge: Dodged            |   117 |   177 |    96 ||   390
       Rpst.: Long sword |    41 |    55 |    34 ||   130
